 Dungeon Crawl Stone Soup version 0.25-a0-492-g44cc58d149 (webtiles) character file.

Game seed: 13948069703738222986, levelgen mode: deterministic

2198 kae the Martial Artist (level 9, -14/72 HPs)
             Began as a Demonspawn Gladiator on Feb 11, 2020.
             Demolished by an orc warrior
             ... wielding a +0 trident
              (23 damage)
             ... in a bailey.
             The game lasted 00:08:12 (9945 turns).

kae the Martial Artist (Demonspawn Gladiator)       Turns: 9945, Time: 00:08:13

Health: -14/72     AC:  7    Str: 14    XL:     9   Next: 12%
Magic:  9/9        EV: 13    Int: 11    God:
Gold:   276        SH:  0    Dex: 17    Spells: 8/8 levels left

rFire    . . .     SeeInvis +     - Unarmed
rCold    + . .     Gourm    .   (no shield)
rNeg     . . .     Faith    .   a - +0 leather armour
rPois    .         Spirit   .   (helmet restricted)
rElec    .         Reflect  .   (no cloak)
rCorr    .         Harm     .   q - +0 pair of gloves
MR       .....                  p - +0 pair of boots {Fly}
Stlth    ++........             (no amulet)
HPRegen  0.22/turn              b - ring of see invisible
MPRegen  0.11/turn              r - ring of stealth

@: flying
A: horns 2, slimy green scales 1, cold resistance 1
a: Stop Flying


You were in a bailey.
You were very hungry.

You visited 2 branches of the dungeon, and saw 9 of its levels.
You also visited: Sewer and Bailey.

You collected 276 gold pieces.

Inventory:

Missiles
 c - 3 throwing nets (quivered)
Armour
 a - a +0 leather armour (worn)
 p - a +0 pair of boots of flying (worn)
 q - a +0 pair of gloves (worn)
Jewellery
 b - a ring of see invisible (left hand)
 k - an uncursed ring of wizardry
 r - a ring of stealth (right hand)
Scrolls
 e - 4 scrolls of magic mapping
 g - 3 scrolls of blinking
 h - 3 scrolls of teleportation
 m - a scroll of amnesia
 o - a scroll of fear
Potions
 f - a potion of magic
 i - a potion of mutation
 j - a potion of haste
 n - a potion of might
 s - a potion of curing
 u - a potion of cancellation {unknown}
 v - 2 potions of flight {unknown}
 w - a potion of brilliance {unknown}
 x - a potion of berserk rage {unknown}
Comestibles
 d - 12 rations


   Skills:
 + Level 7.2 Fighting
 - Level 1.7 Throwing
 - Level 2.6 Dodging
 * Level 9.5 Unarmed Combat


You had 8 spell levels left.
You didn't know any spells.
Your spell library contained the following spells:

 Spells                   Type           Power        Failure   Level  Hunger
 Magic Dart               Conj           #...         41%         1    ##.....
 Summon Small Mammal      Summ           #...         41%         1    ##.....
 Call Imp                 Summ           #.......     56%         2    ###....
 Searing Ray              Conj           #.....       56%         2    ###....
 Call Canine Familiar     Summ           #.......     80%         3    ####...
 Confusing Touch          Hex            #.......     80%         3    ####...
 Dazzling Flash           Conj/Hex       #.....       80%         3    ####...
 Gell's Gravitas          Tloc           #.........   80%         3    ####...
 Summon Guardian Golem    Hex/Summ       #.......     80%         3    ####...
 Fulminant Prism          Conj/Hex       #.........   99%         4    #####..
 Iskenderun's Mystic Bla  Conj/Tloc      #.......     99%         4    #####..
 Petrify                  Tmut/Erth      #.......     99%         4    #####..
 Summon Ice Beast         Ice/Summ       #.......     99%         4    #####..
 Summon Lightning Spire   Summ/Air       #.......     99%         4    #####..
 Metabolic Englaciation   Hex/Ice        #.........   100%        5    ######.
 Yara's Violent Unravell  Hex/Tmut       #.........   100%        5    ######.


Dungeon Overview and Level Annotations

Branches:
Dungeon (8/15)             Temple (1/1) D:6           Sewer (visited)
 Bailey (1/1)
   Lair: D:8-11

Altars:
Ashenzari
Cheibriados
Dithmenos
Elyvilon
Fedhas
Gozag
Hepliaklqana
Kikubaaqudgha
Makhleb
Nemelex Xobeh
Okawaru
Qazlal
Ru
Sif Muna
Trog
Uskayaw
Vehumet
Xom
Yredelemnul
Zin
The Shining One


Innate Abilities, Weirdness & Mutations

You have a pair of horns on your head.
You are partially covered in slimy green scales. (AC +2)
Your flesh is cold resistant. (rC+)


Message History

You hit the orc warrior but do no damage.
The orc warrior is moderately wounded.
The orc warrior hits you with a +0 glaive!
* * * LOW HITPOINT WARNING * * *
You barely miss the orc warrior.
The orc warrior is moderately wounded.
The orc warrior barely misses you.
An orc warrior is nearby!
You are feeling very hungry.
The orc warrior shouts!
The orc warrior barely misses you. The orc warrior closely misses you.
The orc warrior closely misses you.
The orc warrior hits you with a +0 trident!
The orc warrior hits you with a +0 trident!
The orc warrior hits you with a +0 trident!
* * * LOW HITPOINT WARNING * * *
The orc warrior barely misses you.
The orc warrior hits you with a +0 trident!!
You die...

#..........≈≈..## ##.)≈
#.≈≈≈≈≈≈≈≈≈≈.o##.∩.##.)
#.≈..........##.....##)
#.≈)#########'###+#####
#.≈.## ##.§.......
#.≈..## #..§§≈≈≈≈≈.
#.≈≈..## ##..§§o§§..§≈
#∩.≈≈o.#'#..≈≈o§⌠∩⌠..≈
##o≈≈.@#'#..≈§...⌠...§
#.≈≈..##.##..≈≈....§≈≈
#.≈..##...'#..§≈≈≈≈≈≈.
#.≈.##.....##.....o...
#.≈.#############'####
#.≈..........##
#.≈≈≈≈≈≈≈≈≈≈..## ####
#..........≈≈..## ##...
##########..≈≈..###..≈.


You could see 2 orc warriors.

Vanquished Creatures
  Pikel (D:5)
  4 slaves (D:5)
  An orc warrior (Bailey)
  3 sky beasts
  A phantom (D:6)
  2 centaurs
  4 howler monkeys
  2 crimson imps (D:5)
  2 hounds
  2 jellies
  2 orc priests (D:7)
  2 orc wizards (D:7)
  A centaur skeleton (D:5)
  A bullfrog skeleton (D:7)
  Terence (D:2)
  Natasha (twice) (D:3)
  An iguana (D:4)
  5 worker ants
  3 hound zombies
  16 adders
  2 river rats (D:3)
  2 shadow imps (D:6)
  2 adder zombies (D:5)
  3 worms
  2 dart slugs (D:1)
  2 leopard geckos
  33 orcs
  A giant cockroach (D:3)
  6 goblins
  2 hobgoblins
  20 jackals
  7 kobolds
  2 quokkas
  5 ball pythons
  8 bats
  11 frilled lizards
  10 rats
174 creatures vanquished.

Notes
Turn   | Place    | Note
-------+----------+-------------------------------------------
     0 | D:1      | kae the Demonspawn Gladiator began the quest for the Orb.
     0 | D:1      | Reached XP level 1. HP: 16/16 MP: 1/1
   154 | D:1      | Reached skill level 3 in Unarmed Combat
   221 | D:1      | Gained mutation: You have a pair of small horns on your
                  | head. [demonic ancestry]
   221 | D:1      | Reached XP level 2. HP: 16/22 MP: 2/2
   826 | D:2      | Noticed Terence
   842 | D:2      | Killed Terence
   842 | D:2      | Reached XP level 3. HP: 13/28 MP: 3/3
  1146 | D:2      | Reached skill level 4 in Unarmed Combat
  1146 | D:2      | Gained mutation: You are partially covered in slimy green
                  | scales. (AC +2) [demonic ancestry]
  1146 | D:2      | Reached XP level 4. HP: 5/34 MP: 4/4
  1755 | D:2      | Noticed an orc warrior
  2074 | D:2      | Found a burning altar of Makhleb.
  2242 | D:3      | Reached XP level 5. HP: 40/41 MP: 5/5
  2417 | D:3      | Found a glowing drain.
  2467 | Sewer    | Entered a sewer
  2617 | Sewer    | Reached skill level 5 in Unarmed Combat
  3475 | D:3      | Noticed Natasha
  3481 | D:3      | Killed Natasha
  3579 | D:3      | Noticed Natasha
  3588 | D:3      | Killed Natasha
  3588 | D:3      | Reached XP level 6. HP: 41/48 MP: 6/6
  4312 | D:5      | Entered Level 5 of the Dungeon
  4353 | D:5      | Noticed a sky beast
  4375 | D:5      | Killed a sky beast
  4375 | D:5      | Reached skill level 6 in Unarmed Combat
  4670 | D:5      | Reached XP level 7. HP: 53/55 MP: 7/7
  4900 | D:5      | Reached skill level 5 in Fighting
  5076 | D:5      | Found a white marble altar of Elyvilon.
  5173 | D:5      | Noticed Pikel
  5491 | D:5      | Reached skill level 7 in Unarmed Combat
  5761 | D:5      | Killed Pikel
  5761 | D:5      | Reached skill level 8 in Unarmed Combat
  5761 | D:5      | Gained mutation: Your flesh is cold resistant. (rC+)
                  | [demonic ancestry]
  5761 | D:5      | Reached XP level 8. HP: 44/64 MP: 8/8
  5920 | D:5      | Found a white marble altar of Elyvilon.
  7226 | D:6      | Noticed a two-headed ogre
  7646 | D:7      | Reached skill level 9 in Unarmed Combat
  7947 | D:7      | Gained mutation: You have a pair of horns on your head.
                  | [demonic ancestry]
  7947 | D:7      | Reached XP level 9. HP: 39/72 MP: 9/9
  8722 | D:6      | Found a staircase to the Ecumenical Temple.
  8826 | Temple   | Entered the Ecumenical Temple
  9290 | D:8      | Found a flagged portal.
  9303 | Bailey   | Entered a bailey
  9661 | Bailey   | Noticed an orc knight
  9945 | Bailey   | Demolished by an orc warrior

Levels and vault maps discovered:
D:1:      giann_bridges, layout_loops_corners, minivault_23
D:2:      layout_basic, hangedman_decor_opposing, bloody_makhleb, uniq_terence
D:3:      minmay_door_path, layout_basic, portal_sewer_entry_a, uniq_natasha
D:4:      layout_cave_pools, hex_medium
D:5:      layout_basic, first_ration, elyvilon_altar_3, uniq_pikel
D:6:      layout_rooms, minmay_temple_entry_glassed_door
D:7:      layout_basic
D:8:      minmay_the_grid_triangle_9x9_rhombus_thin
          [minmay_the_grid_triangle_9x9_checkered,
          minmay_the_grid_triangle_9x9_prize_insulated,
          minmay_the_grid_triangle_9x9_corrupted_corridor,
          minmay_the_grid_triangle_9x9_cache], layout_basic, enter_bailey_8
Temple:   regret_index_temple_sigil_plot
Bailey:   bailey_polearm_1, bailey

Skill      XL: |  1  2  3  4  5  6  7  8 |
---------------+-------------------------+-----
Unarmed Combat | 3 4 5 6 8 9 |  9.5
Fighting       | 3 4 6 7 |  7.2
Throwing       | |  1.7
Dodging        | |  2.6

Action                   |  1- 3 |  4- 6 |  7- 9 || total
-------------------------+-------+-------+-------++-------
Melee: Unarmed           |    92 |   291 |   368 ||   751
       Headbutt          |     6 |    56 |    74 ||   136
       Punch             |     1 |     7 |    15 ||    23
  Use: Scroll            |       |     8 |     9 ||    17
       Potion            |       |     2 |     3 ||     5
 Stab: Sleeping          |     1 |     3 |     3 ||     7
       Distracted        |       |       |     2 ||     2
  Eat: Chunk             |     1 |    11 |     9 ||    21
       Ration            |       |       |     2 ||     2
Armor: Leather armour    |    21 |    74 |    90 ||   185
Dodge: Dodged            |    63 |   172 |   226 ||   461

Table legend:
 A = Non-vault XP
 B = Vault XP
 C = Vault XP percentage of total XP
 D = Non-vault monster count
 E = Vault monster count
 F = Vault count percentage of total count
                 A         B        C        D         E       F
            +---------+---------+-------+---------+---------+-------
      Total |    2156 |     984 |  31.3 |     134 |      36 |  21.2
            +---------+---------+-------+---------+---------+-------
        D:1 |      36 |       0 |   0.0 |      21 |       0 |   0.0
        D:2 |     113 |      36 |  24.2 |      22 |       1 |   4.3
        D:3 |      88 |      78 |  47.0 |      21 |      12 |  36.4
        D:4 |     147 |       0 |   0.0 |      14 |       0 |   0.0
        D:5 |     676 |     673 |  49.9 |      15 |       1 |   6.2
        D:6 |     412 |       0 |   0.0 |      18 |       0 |   0.0
        D:7 |     671 |       0 |   0.0 |      22 |       0 |   0.0
        D:8 |      13 |       0 |   0.0 |       1 |       0 |   0.0
      Sewer |       0 |      37 | 100.0 |       0 |      11 | 100.0
     Bailey |       0 |     160 | 100.0 |       0 |      11 | 100.0
            +---------+---------+-------+---------+---------+-------
